 Dungeon Crawl Stone Soup version 0.24-a0-516-g9de272bb65 (webtiles) character file.

Game seed: 3944036249396249021

170490 vurker the Scorcher (level 17, -3/117 HPs)
             Began as an Octopode Fire Elementalist on July 21, 2019.
             Was a High Priest of Vehumet.
             Slain by a torpor snail (17 damage)
             ... on level 1 of the Spider Nest.
             The game lasted 01:51:40 (49326 turns).

vurker the Scorcher (Octopode Fire Elementalist)   Turns: 49326, Time: 01:51:40

Health: -3/117     AC:  7    Str:  5 (8)  XL:     17   Next: 69%
Magic:  56/56      EV: 13    Int: 27 (28) God:    Vehumet [*****.]
Gold:   837        SH:  6    Dex:  7 (9)  Spells: 6/39 levels left

rFire    + + +     SeeInvis .   a - staff of power {!a}
rCold    + + .     Gourm    .   q - +2 buckler {rC+}
rNeg     . . .     Faith    .   H - +2 hat
rPois    .         Spirit   .   (no amulet)
rElec    +         Reflect  .   n - ring of fire
rCorr    .         Harm     .   s - ring of ice
MR       +++..                  y - +4 ring of protection
Stlth    ++........             T - ring of magical power
HPRegen  0.29/turn              F - ring "Oseozuibb" {rElec rF+++ Int+4 Dex-3 Stlth-}
MPRegen  0.35/turn              l - ring of protection from magic
                                o - ring of protection from cold
                                L - ring of protection from magic

@: slowed, very slow
A: almost no armour, stealthy swim, amphibious, 8 rings, constrict 8, camouflage
1, gelatinous body 1
}: 1/15 runes: decaying
a: Renounce Religion


You were on level 1 of the Spider Nest.
You worshipped Vehumet.
Vehumet was extremely pleased with you.
You were not hungry.

You visited 6 branches of the dungeon, and saw 29 of its levels.

You collected 2445 gold pieces.
You spent 1608 gold pieces at shops.

Inventory:

Missiles
 f - 7 throwing nets (quivered) {!f}
Armour
 q - a +2 buckler of cold resistance (worn)
   (You took it off a tengu warrior on level 15 of the Dungeon)
 H - a +2 hat (worn)
   (You acquired it on level 4 of the Lair of Beasts)
Magical Staves
 a - an uncursed staff of power (weapon) {!a}
   (You found it on level 6 of the Dungeon)
Jewellery
 l - a ring of protection from magic (on tentacle)
   (You bought it in a shop on level 5 of the Dungeon)
 n - a ring of fire (left tentacle)
   (You found it on level 5 of the Dungeon)
 o - a ring of protection from cold (on tentacle)
   (You found it on level 6 of the Lair of Beasts)
 s - a ring of ice (right tentacle)
   (You found it on level 7 of the Dungeon)
 y - a +4 ring of protection (on tentacle)
   (You found it on level 9 of the Dungeon)
 A - an uncursed ring of protection from magic
   (You found it on level 2 of the Swamp)
 D - an uncursed ring of wizardry
   (You found it on level 6 of the Lair of Beasts)
 F - the ring "Oseozuibb" (on tentacle) {rElec rF+++ Int+4 Dex-3 Stlth-}
   (You bought it in a shop on level 5 of the Dungeon)

   [ring of dexterity]

   It affects your intelligence (+4).
   It affects your dexterity (-3).
   It renders you almost immune to fire.
   It insulates you from electricity.
   It makes you less stealthy.
 L - a ring of protection from magic (on tentacle)
   (You bought it in a shop on level 5 of the Dungeon)
 T - a ring of magical power (on tentacle)
   (You found it on level 14 of the Dungeon)
Wands
 b - a wand of enslavement (18)
   (You took it off Erolcha on level 2 of the Orcish Mines)
 c - a wand of disintegration (11)
   (You found it on level 1 of the Lair of Beasts)
 d - a wand of iceblast (12)
   (You found it on level 3 of the Swamp)
 t - a wand of flame (18)
   (You found it on level 4 of the Swamp)
 u - a wand of paralysis (12)
   (You took it off a crimson imp on level 10 of the Dungeon)
 x - a wand of acid (29)
   (You found it on level 7 of the Dungeon)
 B - a wand of scattershot (7)
   (You found it on level 5 of the Lair of Beasts)
Scrolls
 i - 3 scrolls of fear
 j - a scroll of teleportation {@r4}
 m - 15 scrolls of remove curse {@r2}
 v - 8 scrolls of enchant weapon
 w - 6 scrolls of identify {@r1}
 z - 2 scrolls of enchant armour
 E - 4 scrolls of fog
 N - 4 scrolls of magic mapping
 O - a scroll of summoning
 P - a scroll of brand weapon
 Q - 3 scrolls of blinking
 V - 2 scrolls of immolation {!r}
Potions
 g - 2 potions of might
 h - 4 potions of magic
 k - 5 potions of haste {@q3}
 p - 3 potions of invisibility
 r - 2 potions of ambrosia
 C - 5 potions of mutation {!q}
 G - a potion of resistance
 I - 13 potions of flight
 K - 11 potions of curing {@q1}
 M - a potion of cancellation
 S - 2 potions of brilliance
 U - a potion of agility
Comestibles
 e - 19 rations {!d}


   Skills:
 + Level 11.4 Fighting
 - Level 2.0 Dodging
 - Level 2.6 Stealth
 - Level 4.0 Shields
 * Level 11.7 Spellcasting
 + Level 15.5 Conjurations
 * Level 16.8 Fire Magic
 + Level 9.3 Ice Magic
 + Level 6.8 Earth Magic
 - Level 5.0 Evocations


You had 6 spell levels left.
You knew the following spells:

 Your Spells              Type           Power        Failure   Level  Hunger
a - Throw Icicle          Conj/Ice       #######.     1%          4    None
b - Bolt of Fire          Conj/Fire      ########..   1%          6    #####..
c - Conjure Flame         Conj/Fire      ########     0%          3    None
d - Iron Shot             Conj/Erth      ######....   1%          6    #####..
e - Bolt of Magma         Conj/Fire/Erth #######...   1%          5    ###....
q - Sticky Flame          Conj/Fire      ########     1%          4    None
z - Fireball              Conj/Fire      ########..   1%          5    ###....

Your spell library contained the following spells:

 Spells                   Type           Power        Failure   Level  Hunger
 Conjure Ball Lightning   Conj/Air       ######....   6%          6    #####..
 Flame Tongue             Conj/Fire      #####        0%          1    None
 Magic Dart               Conj           ####         0%          1    None
 Throw Flame              Conj/Fire      ######       0%          2    None
 Freeze                   Ice            ####         1%          1    None
 Throw Frost              Conj/Ice       ######       1%          2    None
 Inner Flame              Hex/Fire       #######.     1%          3    None
 Mephitic Cloud           Conj/Pois/Air  #####...     1%          3    None
 Ozocubu's Armour         Chrm/Ice       ######..     1%          3    None
 Iskenderun's Battlesphe  Conj/Chrm      ######..     1%          5    ###....
 Venom Bolt               Conj/Pois      ######....   1%          5    ###....
 Animate Skeleton         Necr           N/A          3%          1    None
 Pain                     Necr           ###.         3%          1    None
 Blink                    Tloc           N/A          5%          2    None
 Call Imp                 Summ           ###.....     5%          2    None
 Slow                     Hex            ###.....     5%          2    None
 Summon Ice Beast         Ice/Summ       ######..     5%          4    None
 Regeneration             Chrm/Necr      ###.......   11%         3    None
 Vampiric Draining        Necr           ###.......   11%         3    None
 Animate Dead             Necr           N/A          34%         4    None
 Orb of Destruction       Conj           #######...   1%          7    ######.
 Spellforged Servitor     Conj/Summ      ######....   30%         7    ######.


Dungeon Overview and Level Annotations

Branches:
Dungeon (15/15)            Temple (1/1) D:6            Lair (6/6) D:10
  Swamp (4/4) Lair:3       Spider (1/4) Lair:3        Slime (0/5) Lair:5
    Orc (2/2) D:9             Elf (0/3) Orc:2        Vaults (0/5) D:13
 Depths (0/5) D:15

Altars:
Ashenzari
Cheibriados
Dithmenos
Elyvilon
Fedhas
Gozag
Hepliaklqana
Kikubaaqudgha
Makhleb
Nemelex Xobeh
Okawaru
Qazlal
Ru
Sif Muna
Trog
Uskayaw
Vehumet
Wu Jian
Xom
Yredelemnul
Zin
The Shining One
Beogh

Shops:
D:5 =   Orc:1 (   Orc:2 [[!:

Portals:
Trove: D:12 (give +8 demon whip)

Annotations:
D:10 2 transporters, tilp's ghost, novice DgTm
Lair:5 exclusion: 2 oklob plants
Swamp:1 exclusion: Roxanne, Roxanne


Innate Abilities, Weirdness & Mutations

You cannot wear most types of armour.
You are very stealthy in the water. (Stealth+)
You are amphibious.
You can wear up to eight rings at the same time.
You can use your tentacles to constrict eight enemies at once.
Your skin changes colour to match your surroundings (Stealth+).
Your rubbery body absorbs attacks. (AC +1, EV +1)


Message History

The demonic crawler partially resists.
You kill the demonic crawler!
Vehumet accepts your kill.
You feel your power returning.
You can't see any susceptible monsters within range! (Use Z to cast anyway.)
You can't see any susceptible monsters within range! (Use Z to cast anyway.) Done exploring.
Done exploring.
There is a hole to the Spider Nest, spattered with blood here.
Things that are here:
a +0 buckler; a +0 shield of reflection You eat one of the 20 rations {!d}.
That ration really hit the spot!
You climb downwards.
Welcome back to the Spider Nest!
This branch contains the gossamer rune of Zot.
The orb spider hisses angrily.
The redback bites you! The torpor snail misses you.
Being near the torpor snail leaves you feeling lethargic.
The redback bites you!
There is a crawl-hole back to the Lair, spattered with blood here.
The wolf spider hisses angrily.
The redback barely misses you. The torpor snail misses you.
You block the redback's attack. The tarantella bites you.
You are confused.
The torpor snail misses you.
In your confused state, you trip and fall back down the stairs.
The redback bites you!
You are poisoned.
The redback poisons you! The tarantella bites you. The redback bites you! x2
* * * LOW HITPOINT WARNING * * *
You are lethally poisoned!
The redback poisons you! The tarantella bites you.
* * * LOW HITPOINT WARNING * * *
You are more confused.
The torpor snail bites you!
* * * LOW HITPOINT WARNING * * *
The torpor snail bites you!
* * * LOW HITPOINT WARNING * * *
The redback barely misses you. The redback misses you.
The tarantella bites you.
* * * LOW HITPOINT WARNING * * *
You are more confused.
The tarantella hisses angrily.
You feel better. The redback bites you!
* * * LOW HITPOINT WARNING * * *
The redback bites you but does no damage.
The torpor snail closely misses you. You block the torpor snail's attack.
The redback barely misses you. The redback bites you.
* * * LOW HITPOINT WARNING * * *
The torpor snail bites you!
You die...

####### #
##.)...## .#
##.......#
..#
#........#..#
#..s.....s..#
#...sws...#
#.s@s.^.#
###.w..##
....## ##...#
##.## ##


You could see 2 torpor snails, a wolf spider, an orb spider, 2 tarantellas and 2
redbacks.

Vanquished Creatures
  Nikola (Swamp:3)
  Kirke (Lair:4)
  A thorn hunter (Swamp:4)
  A storm dragon (D:12)
  Donald (Swamp:4)
  A ghost moth (Lair:3)
  An orc warlord (Orc:2)
  A stone giant (Orc:2)
  Erolcha (Orc:2)
  Fannar (D:10)
  A yaktaur captain (D:15)
  An ice dragon (Lair:4)
  8 vault guards
  16 hydras
  2 rakshasas (D:14)
  A ghost crab (Swamp:2)
  3 catoblepae
  A shambling mangrove (Swamp:2)
  Harold (D:10)
  2 death knights
  10 alligators
  2 ogre magi (Orc:2)
  7 two-headed ogres
  Erica (Orc:1)
  A deep troll earth mage (D:12)
  6 centaur warriors
  A deep troll shaman (Lair:6)
  4 tengu warriors
  7 death yaks
  An orc high priest (Orc:2)
  A deep elf knight (D:15)
  Urug (D:11)
  12 spriggans
  2 skeletal warriors
  5 spriggan druids (Swamp:4)
  14 swamp dragons
  A wizard (D:14)
  An unseen horror (D:11)
  An orc knight (Orc:2)
  A lindwurm (Lair:6)
  An oklob plant (Lair:5)
  A wolf spider (D:12)
  2 deep elf magi
  10 ugly things
  3 manticores
  9 orc sorcerers
  3 elephants (Lair:6)
  3 cyclopes
  2 black mambas
  4 gargoyles
  A komodo dragon (Lair:6)
  11 spiny frogs
  An efreet (D:13)
  A kobold demonologist (D:14)
  2 yaktaurs
  4 red devils (D:13)
  3 rime drakes
  A demonic crawler (Lair:3)
  A tengu conjurer (D:14)
  A troll (shapeshifter) (D:14)
  9 trolls
  4 polar bears
  A queen bee (D:12)
  4 jumping spiders (Lair:3)
  A hornet (shapeshifter) (D:14)
  3 meliai (D:12)
  10 hornets
  16 slime creatures
  4 blink frogs (Lair:6)
  7 tyrant leeches
  3 bog bodies (Swamp:3)
  7 hippogriffs
  3 redbacks (Lair:3)
  3 shadows
  A tarantella (Lair:3)
  3 wraiths (D:13)
  53 yaks
  2 wyverns
  3 basilisks
  Grum (D:9)
  2 hogs (Lair:4)
  6 vampire mosquitoes
  A hungry ghost (D:8)
  A warg (Orc:2)
  19 insubstantial wisps
  An acid dragon (D:15)
  18 swamp worms
  Duvessa (D:5)
  8 sky beasts
  12 water moccasins
  4 porcupines
  5 ice beasts
  5 phantoms
  3 black bears
  36 orc warriors
  A necrophage (D:11)
  2 eyes of draining (D:14)
  9 swamp drakes
  9 ogres
  24 wolves
  18 crocodiles
  10 centaurs
  A big kobold (D:10)
  24 bullfrogs
  A gnoll sergeant (D:9)
  Dowan (D:5)
  3 wyvern skeletons
  2 scorpions
  A water moccasin skeleton (D:7)
  45 killer bees
  10 wights
  4 electric eels
  9 howler monkeys
  7 crimson imps
  6 centaur zombies
  2 bullfrog zombies
  A quasit (D:6)
  30 orc priests
  46 orc wizards
  9 jellies
  7 centaur skeletons
  9 hounds
  3 bullfrog skeletons
  An iguana (D:9)
  15 worker ants
  A hound skeleton (D:10)
  A howler monkey zombie (D:5)
  6 gnolls
  A worker ant zombie (D:10)
  11 adders
  6 shadow imps
  3 white imps (Lair:4)
  An adder zombie (D:8)
  3 worms
  A dart slug (D:2)
  A worm (shapeshifter) (D:10)
  4 leopard geckos
  136 orcs
  3 ball pythons
  8 giant cockroaches
  8 goblins
  5 hobgoblins
  15 jackals
  8 quokkas
  10 bats
  2 frilled lizards
  A giant cockroach zombie (D:5)
  A jackal skeleton (D:5)
  12 kobolds
  A leopard gecko zombie (D:8)
  6 rats
  A bush (Lair:6)
  3 plants
1018 creatures vanquished.

Vanquished Creatures (collateral kills)
  the Lernaean hydra (Swamp:4)
  3 hydras (Swamp:4)
  An insubstantial wisp (Swamp:4)
5 creatures vanquished.

Vanquished Creatures (others)
  5 fungi
  6 plants (Lair:6)
11 creatures vanquished.

Grand Total: 1034 creatures vanquished

Notes
Turn   | Place    | Note
-------+----------+-------------------------------------------
     0 | D:1      | vurker the Octopode Fire Elementalist began the quest for
                  | the Orb.
     0 | D:1      | Reached XP level 1. HP: 11/11 MP: 3/3
   323 | D:1      | Reached XP level 2. HP: 16/17 MP: 5/5
  1284 | D:2      | Learned a level 2 spell: Throw Flame
  1298 | D:2      | Reached XP level 3. HP: 22/22 MP: 6/6
  1303 | D:2      | Learned a level 3 spell: Conjure Flame
  1331 | D:2      | Reached skill level 7 in Fire Magic
  1331 | D:2      | Reached XP level 4. HP: 27/27 MP: 6/10
  1337 | D:2      | Learned a level 4 spell: Sticky Flame
  1836 | D:2      | Found an iron altar of Okawaru.
  2285 | D:3      | Reached XP level 5. HP: 32/32 MP: 3/12
  2421 | D:3      | Reached skill level 5 in Spellcasting
  2861 | D:3      | Reached skill level 1 in Fighting
  3173 | D:4      | Reached XP level 6. HP: 38/38 MP: 10/13
  3381 | D:4      | Found a snail-covered altar of Cheibriados.
  3384 | D:4      | Found a sacrificial altar of Ru.
  3387 | D:4      | Found a deep blue altar of Sif Muna.
  3390 | D:4      | Found a bloodstained altar of Trog.
  3696 | D:4      | Noticed a phantom
  4001 | D:4      | Killed a phantom
  4199 | D:4      | Found a shadowy altar of Dithmenos.
  4199 | D:4      | Found a hide-covered altar of Uskayaw.
  4205 | D:4      | Found a shimmering altar of Xom.
  4207 | D:4      | Found a sparkling altar of Nemelex Xobeh.
  4208 | D:4      | Found a stormy altar of Qazlal.
  4215 | D:4      | Got a crude long sword
  4363 | D:4      | Reached XP level 7. HP: 27/43 MP: 14/14
  4482 | D:4      | Learned a level 5 spell: Fireball
  4904 | D:4      | Identified the +3 long sword of Yredelemnul's Pride {flame,
                  | rC++ Int+4} (You found it on level 4 of the Dungeon)
  5003 | D:5      | Entered Level 5 of the Dungeon
  5035 | D:5      | Reached skill level 8 in Fire Magic
  5921 | D:5      | Noticed Dowan
  5923 | D:5      | Noticed Duvessa
  5949 | D:5      | Killed Duvessa
  5949 | D:5      | Reached XP level 8. HP: 47/50 MP: 0/16
  5951 | D:5      | Killed Dowan
  6223 | D:5      | Found Emanes's Jewellery Boutique.
  6700 | D:5      | Found a glowing silver altar of Zin.
  6700 | D:5      | Found a radiant altar of Vehumet.
  7584 | D:6      | Found a staircase to the Ecumenical Temple.
  7657 | Temple   | Entered the Ecumenical Temple
  7827 | D:6      | Reached XP level 9. HP: 51/56 MP: 17/17
  7903 | D:5      | Became a worshipper of Vehumet
  7967 | D:6      | Reached skill level 9 in Fire Magic
  8758 | D:6      | Found an ancient bone altar of Kikubaaqudgha.
  9286 | D:7      | Noticed a hornet
  9299 | D:7      | Killed a hornet
  9301 | D:7      | Reached * piety under Vehumet
  9301 | D:7      | Offered knowledge of Freeze by Vehumet.
  9405 | D:7      | Learned a level 4 spell: Throw Icicle
 10177 | D:8      | Reached skill level 1 in Ice Magic
 10283 | D:8      | Reached XP level 10. HP: 59/63 MP: 19/19
 10667 | D:8      | Noticed a two-headed ogre
 10675 | D:8      | Killed a two-headed ogre
 10675 | D:8      | Reached ** piety under Vehumet
 10675 | D:8      | Offered knowledge of Sting by Vehumet.
 10714 | D:8      | Reached skill level 10 in Fire Magic
 10980 | D:9      | Noticed Grum
 10996 | D:9      | Killed Grum
 11998 | D:9      | Offered knowledge of Static Discharge by Vehumet.
 11998 | D:9      | Reached skill level 10 in Conjurations
 12458 | D:9      | Found a roughly hewn altar of Beogh.
 12597 | D:9      | Reached skill level 5 in Fighting
 12738 | D:9      | Reached *** piety under Vehumet
 12773 | D:9      | Reached XP level 11. HP: 66/71 MP: 9/21
 12778 | D:9      | Found a staircase to the Orcish Mines.
 13195 | D:10     | Entered Level 10 of the Dungeon
 13198 | D:10     | Offered knowledge of Dazzling Spray by Vehumet.
 13202 | D:10     | Reached skill level 1 in Evocations
 14070 | D:10     | Found a transporter.
 14081 | D:10     | Noticed a moth of wrath
 14082 | D:10     | Noticed an eight-headed hydra
 14088 | D:10     | Noticed tilp's ghost (novice DgTm)
 14099 | D:10     | Found a transporter.
 14105 | D:10     | Noticed Harold
 14114 | D:10     | Killed Harold
 14624 | D:10     | Noticed a deep elf mage
 14633 | D:10     | Killed a deep elf mage
 14677 | D:10     | Reached skill level 11 in Fire Magic
 14925 | D:10     | Noticed Fannar
 14929 | D:10     | Killed Fannar
 14929 | D:10     | Reached **** piety under Vehumet
 14930 | D:10     | Found a staircase to the Lair.
 15354 | D:10     | Noticed a centaur warrior
 15358 | D:10     | Killed a centaur warrior
 16140 | D:11     | Noticed a cyclops
 16144 | D:11     | Killed a cyclops
 16151 | D:11     | Reached XP level 12. HP: 72/79 MP: 14/23
 16295 | D:11     | Offered knowledge of Ignite Poison by Vehumet.
 16567 | D:11     | Noticed Urug
 16580 | D:12     | Found a portal to a secret trove of treasure.
 16592 | D:12     | Noticed a two-headed ogre
 17037 | D:11     | Killed Urug
 17960 | Lair:1   | Entered Level 1 of the Lair of Beasts
 18009 | Lair:1   | Learned a level 5 spell: Bolt of Magma
 18372 | Lair:1   | Reached skill level 5 in Ice Magic
 18928 | Lair:2   | Noticed an eight-headed hydra
 18931 | Lair:2   | Killed an eight-headed hydra
 19329 | Lair:2   | Noticed a seven-headed hydra
 19335 | Lair:2   | Killed a seven-headed hydra
 19335 | Lair:2   | Reached skill level 12 in Fire Magic
 19529 | Lair:2   | Reached skill level 1 in Earth Magic
 20075 | D:5      | Bought the cursed ring "Oseozuibb" {rElec rF+++ Int+4 Dex-3
                  | Stlth-} for 577 gold pieces
 20221 | Lair:3   | Noticed an eight-headed hydra
 20344 | Lair:3   | Killed an eight-headed hydra
 20344 | Lair:3   | Reached skill level 5 in Evocations
 20552 | Lair:3   | Noticed a seven-headed hydra
 20624 | Lair:3   | You fall into a shaft and drop 1 floor!
 20730 | Lair:4   | Reached XP level 13. HP: 81/86 MP: 25/25
 21742 | Lair:3   | Found a hole to the Spider Nest.
 22395 | Lair:3   | Found a staircase to the Swamp.
 22825 | Lair:4   | Identified a scroll of acquirement
 22870 | Lair:4   | Noticed an ice dragon
 22888 | Lair:4   | Killed an ice dragon
 23184 | Lair:4   | Noticed Kirke
 23189 | Lair:4   | Killed Kirke
 23754 | Lair:5   | Reached skill level 13 in Fire Magic
 24520 | Lair:5   | Reached ***** piety under Vehumet
 24673 | Lair:5   | Found a staircase to the Slime Pits.
 24767 | Lair:5   | Offered knowledge of Force Lance by Vehumet.
 25170 | Lair:6   | Entered Level 6 of the Lair of Beasts
 25684 | Lair:6   | Reached XP level 14. HP: 93/93 MP: 27/27
 27566 | Orc:1    | Entered Level 1 of the Orcish Mines
 27566 | Orc:1    | Found a shimmering altar of Xom.
 27605 | Orc:1    | Offered knowledge of Olgreb's Toxic Radiance by Vehumet.
 27892 | Orc:1    | Noticed Erica
 27895 | Orc:1    | Killed Erica
 28183 | Orc:2    | Entered Level 2 of the Orcish Mines
 28195 | Orc:2    | Reached skill level 5 in Earth Magic
 28202 | Orc:2    | Noticed a stone giant
 28535 | Orc:2    | Killed a stone giant
 29517 | Orc:2    | Found a staircase to the Elven Halls.
 30009 | Orc:1    | Found Fasis's Weapon Shoppe.
 30240 | Orc:2    | Reached skill level 14 in Fire Magic
 30836 | Orc:2    | Paralysed by an orc sorcerer for 2 turns
 31000 | Orc:2    | Offered knowledge of Yara's Violent Unravelling by Vehumet.
 31146 | Orc:2    | Found an ancient bone altar of Kikubaaqudgha.
 31218 | Orc:2    | Reached XP level 15. HP: 100/100 MP: 19/28
 31314 | Orc:2    | Found Lapekos's Antique Armour Emporium.
 31397 | Orc:2    | Noticed Erolcha
 31400 | Orc:2    | Killed Erolcha
 31584 | Orc:2    | Noticed an orc warlord
 31585 | Orc:2    | Found a roughly hewn altar of Beogh.
 31585 | Orc:2    | Found Xayrof's Book Shoppe.
 31611 | Orc:2    | Found Ofilox's Distillery.
 31833 | Orc:2    | Found a radiant altar of Vehumet.
 31848 | Orc:2    | Killed an orc warlord
 31970 | Orc:2    | Found Sefagoke's Antique Armour Shoppe.
 32452 | D:5      | Bought an uncursed ring of protection from magic for 275
                  | gold pieces
 32452 | D:5      | Bought an uncursed ring of protection from magic for 275
                  | gold pieces
 32611 | Orc:2    | Bought a potion of invisibility for 104 gold pieces
 32611 | Orc:2    | Bought a potion of heal wounds for 65 gold pieces
 32611 | Orc:2    | Bought a potion of cancellation for 104 gold pieces
 32611 | Orc:2    | Bought a potion of curing for 39 gold pieces
 32611 | Orc:2    | Bought a potion of magic for 104 gold pieces
 32611 | Orc:2    | Bought a potion of heal wounds for 65 gold pieces
 33354 | D:12     | Reached skill level 10 in Spellcasting
 34147 | D:12     | Noticed a storm dragon
 34152 | D:12     | Found the +7 pair of quick blades "Gyre" and "Gimble"
                  | {protect}
 34158 | D:12     | Offered knowledge of Bolt of Fire by Vehumet.
 34806 | D:12     | Killed a storm dragon
 34930 | D:12     | Learned a level 6 spell: Bolt of Fire
 36278 | D:12     | Reached skill level 15 in Fire Magic
 36735 | D:13     | Found a gate to the Vaults.
 37611 | D:14     | Reached skill level 1 in Shields
 37802 | D:14     | Reached skill level 10 in Fighting
 37953 | D:14     | Reached XP level 16. HP: 109/109 MP: 30/30
 38279 | D:14     | Found a blossoming altar of Fedhas.
 38678 | D:14     | Offered knowledge of Freezing Cloud by Vehumet.
 39246 | D:14     | Got an ichor-stained buckler
 39257 | D:14     | Identified the +1 buckler of the Gastropod {rN+ Regen+
                  | Int-5 Dex+7} (You found it on level 14 of the Dungeon)
 39875 | D:15     | Entered Level 15 of the Dungeon
 40155 | D:15     | Found a staircase to the Depths.
 40168 | D:15     | Found a stormy altar of Qazlal.
 40532 | D:15     | Reached skill level 15 in Conjurations
 41187 | Swamp:1  | Entered Level 1 of the Swamp
 41834 | Swamp:1  | Reached skill level 16 in Fire Magic
 42108 | Swamp:1  | Noticed Roxanne
 43317 | Swamp:2  | Offered knowledge of Bolt of Cold by Vehumet.
 44633 | Swamp:3  | Reached XP level 17. HP: 117/117 MP: 32/32
 44658 | Swamp:3  | Noticed Nikola
 44665 | Swamp:3  | Killed Nikola
 45117 | Swamp:4  | Entered Level 4 of the Swamp
 46303 | Swamp:4  | Noticed the 27-headed Lernaean hydra
 46306 | Swamp:4  | Killed the 27-headed Lernaean hydra
 46751 | Swamp:4  | Reached ****** piety under Vehumet
 46973 | Swamp:4  | Offered knowledge of Conjure Ball Lightning by Vehumet.
 47148 | Swamp:4  | Noticed Donald
 47154 | Swamp:4  | Killed Donald
 48480 | Swamp:4  | Got a decaying rune of Zot
 48644 | Lair:3   | Learned a level 6 spell: Iron Shot
 48645 | Spider:1 | Entered Level 1 of the Spider Nest
 49326 | Spider:1 | Slain by a torpor snail

Levels and vault maps discovered:
D:1:      nzn_arrival_settlement, layout_loops_ring
D:2:      layout_loops_ring, serial_glass, glass_columns_a, glass_columns_c,
          first_ration, okawaru_trees_1
D:3:      layout_basic
D:4:      layout_basic, grunt_temple_overflow_cloverleaf,
          chequers_temple_overflow_minitemple, roderic_roman_lattice
D:5:      layout_basic, amethyst_overflow_temple_binary, serial_shops,
          kennysheep_mini, uniq_duvessa
D:6:      layout_basic, kennysheep_little_box, lemuel_temple_firewalk_b
D:7:      layout_loops_ring
D:8:      layout_cave_pools, grunt_ogre_cave
D:9:      layout_loops_corners, david_orc_5, uniq_grum
D:10:     minmay_curly_fans, layout_small_grid, lair_entry_dummy,
          gammafunk_ghost_berserking_beasts, uniq_harold, uniq_fannar
D:11:     statuecave_lemuel, layout_gridville, uniq_urug
D:12:     regret_index_bee_streams, layout_basic, enter_trove_1
D:13:     layout_loops_ring, erik_vaults_2, enter_bailey_7,
          einodemon_armed_red_devil_minivault
D:14:     cheibrodos_ideogram_h, layout_loops_cross, fedhas_altar_fruit_tree
D:15:     hangedman_depths_entry_civil_slaughter, layout_basic,
          lemuel_crystal_altar
Temple:   eino_temple_lava
Lair:1:   layout_regular_city
Lair:2:   layout_long_grid
Lair:3:   layout_regular_city, minmay_swamp_entry_worms,
          nicolae_spider_entry_tight_spaces, gauntlet_entry_generic,
          grunt_megastairs_5, lemuel_fruit_fields
Lair:4:   beast_lair_carwin_large_1, layout_hall_layers, st_stairs_8,
          bobbens_ice_dragon_lair, uniq_kirke
Lair:5:   dpeg_oklob_gauntlet, layout_concentric_octagons,
          minmay_slime_entry_pillars, lemuel_fruit_fields, lemuel_fruit_tree
Lair:6:   grunt_lair_end_beastmaster, layout_concentric_octagons,
          serial_bayou_ford_a, grunt_megastairs_1
Swamp:1:  layout_basic_swamp, serial_swamp_ruin, hangedman_swamp_ruin_wall,
          evilmike_swamp_ruin_house_2, infiniplex_staircase_pool, uniq_roxanne
Swamp:2:  layout_basic_swamp, evilmike_swamp_ruin_house_6
Swamp:3:  layout_basic_swamp, evilmike_swamp_ruin_rubble_2,
          infiniplex_staircase_pool_2, uniq_nikola
Swamp:4:  swamp_old_school, layout_basic_swamp, nicolae_swamp_dense_foliage,
          uniq_donald
Spider:1: layout_spider_delve
Orc:1:    layout_caves, basic_altar, serial_shops, shop, rock_pile, uniq_erica
Orc:2:    kennysheep_orc_mage_school, layout_diamond_mine, guppyfry_library_mini

Skill      XL: |  1  2  3  4  5  6  7  8  9 10 11 12 13 14 15 16 17 |
---------------+----------------------------------------------------+-----
Spellcasting   | 4 5 6 7 8 9 10 11 | 11.7
Conjurations   | 6 7 8 9 10 11 12 13 14 15 | 15.5
Fire Magic     | 7 8 9 10 11 12 13 14 15 16 | 16.8
Fighting       | 1 2 3 4 5 6 7 8 10 11 | 11.4
Ice Magic      | 1 3 4 5 6 7 8 9 |  9.3
Evocations     | 3 5 |  5.0
Earth Magic    | 2 4 5 6 |  6.8
Shields        | 1 4 |  4.0
Dodging        | |  2.0
Stealth        | |  2.6

Action                   |  1- 3 |  4- 6 |  7- 9 | 10-12 | 13-15 | 16-18 || total
-------------------------+-------+-------+-------+-------+-------+-------++-------
Melee: Unarmed           |    33 |       |       |       |       |       ||    33
       Constrict         |    13 |     5 |     8 |     3 |     1 |       ||    30
       Tentacles         |     8 |     1 |     5 |       |     1 |     2 ||    17
       Dagger            |     5 |     3 |       |       |       |       ||     8
       Spear             |       |    16 |    48 |       |       |       ||    64
       Long sword        |       |       |    14 |     5 |       |       ||    19
       Staff             |       |       |       |       |     9 |    14 ||    23
 Cast: Flame Tongue      |    24 |   117 |   271 |   486 |    16 |       ||   914
       Throw Flame       |       |     1 |    10 |     6 |       |       ||    17
       Sticky Flame      |       |     2 |     6 |    17 |     6 |     2 ||    33
       Conjure Flame     |       |       |     8 |     7 |       |       ||    15
       Fireball          |       |       |       |    39 |    69 |    23 ||   131
       Throw Icicle      |       |       |       |    86 |   684 |   349 ||  1119
       Bolt of Magma     |       |       |       |     2 |    16 |       ||    18
       Bolt of Fire      |       |       |       |       |     9 |   113 ||   122
Evoke: Wand              |       |       |     1 |     3 |    15 |     6 ||    25
       Phantom mirror    |       |       |       |       |       |     1 ||     1
  Use: Scroll            |     3 |     7 |    10 |     9 |    12 |    11 ||    52
       Potion            |     1 |       |     1 |     4 |     4 |    11 ||    21
 Stab: Sleeping          |     4 |     5 |     2 |       |       |       ||    11
       Petrified         |       |       |       |       |     1 |       ||     1
  Eat: Chunk             |     1 |     7 |    11 |    21 |    26 |    23 ||    89
       Ration            |       |     1 |     3 |     8 |    14 |    12 ||    38
Armor: Skin              |     6 |     3 |    17 |    50 |    57 |    33 ||   166
Dodge: Dodged            |    33 |    23 |    73 |   173 |   178 |    84 ||   564
Block: Buckler           |       |       |       |       |     1 |    27 ||    28
       Rpst.: Long sword |       |       |     6 |     6 |       |       ||    12

Table legend:
 A = Non-vault XP
 B = Vault XP
 C = Vault XP percentage of total XP
 D = Non-vault monster count
 E = Vault monster count
 F = Vault count percentage of total count
                 A         B        C        D         E       F
            +---------+---------+-------+---------+---------+-------
      Total |  131592 |   93345 |  41.5 |     754 |     265 |  26.0
            +---------+---------+-------+---------+---------+-------
        D:1 |      33 |       0 |   0.0 |      22 |       0 |   0.0
        D:2 |      39 |       0 |   0.0 |      15 |       0 |   0.0
        D:3 |     176 |       0 |   0.0 |      35 |       0 |   0.0
        D:4 |     358 |       0 |   0.0 |      15 |       0 |   0.0
        D:5 |     836 |     226 |  21.3 |      27 |       2 |   6.9
        D:6 |    1414 |       0 |   0.0 |      32 |       0 |   0.0
        D:7 |     818 |       0 |   0.0 |      18 |       0 |   0.0
        D:8 |    2172 |     121 |   5.3 |      25 |       1 |   3.8
        D:9 |    2410 |    1369 |  36.2 |      36 |      29 |  44.6
       D:10 |    2700 |    4131 |  60.5 |      36 |      10 |  21.7
       D:11 |    5243 |     815 |  13.5 |      27 |       1 |   3.6
       D:12 |    5949 |   11635 |  66.2 |      30 |      53 |  63.9
       D:13 |    9614 |    7594 |  44.1 |      30 |      15 |  33.3
       D:14 |    7093 |   11567 |  62.0 |      38 |      24 |  38.7
       D:15 |    7076 |    4577 |  39.3 |      14 |       6 |  30.0
     Lair:1 |    1591 |       0 |   0.0 |      12 |       0 |   0.0
     Lair:2 |    4190 |       0 |   0.0 |      15 |       0 |   0.0
     Lair:3 |    7686 |    2257 |  22.7 |      22 |      10 |  31.2
     Lair:4 |    3086 |    8206 |  72.7 |      14 |      16 |  53.3
     Lair:5 |    5448 |    1216 |  18.2 |      31 |       5 |  13.9
     Lair:6 |    5578 |    9584 |  63.2 |      22 |      21 |  48.8
    Swamp:1 |   10411 |       0 |   0.0 |      30 |       0 |   0.0
    Swamp:2 |   11139 |       0 |   0.0 |      23 |       0 |   0.0
    Swamp:3 |    4005 |    3503 |  46.7 |      11 |       1 |   8.3
    Swamp:4 |   19418 |   17791 |  47.8 |      52 |      24 |  31.6
      Orc:1 |    3368 |     906 |  21.2 |      32 |       4 |  11.1
      Orc:2 |    9741 |    7847 |  44.6 |      90 |      43 |  32.3
            +---------+---------+-------+---------+---------+-------
